 Dungeon Crawl Stone Soup version 0.29.1-15-g9cfb28693d (webtiles) character file.

Game seed: 6542135679286115849

443 growler the Insei (level 7, 0/48 HPs)
             Began as a Merfolk Transmuter on Mar 8, 2023.
             Slain by an orc wizard
             ... wielding a +0 dagger
              (2 damage)
             ... on level 4 of the Dungeon.
             The game lasted 00:16:28 (4745 turns).

growler the Insei (Merfolk Transmuter)              Turns: 4745, Time: 00:16:28

Health: 0/48       AC:  3    Str: 11    XL:     7   Next: 2%
Magic:  11/11      EV: 12    Int: 14    God:
Gold:   109        SH:  0    Dex: 14    Spells: 2/12 levels left

rFire   . . .      SeeInvis .     - Unarmed
rCold   . . .      Faith    .   (no shield)
rNeg    . . .      Spirit   .   a - +0 robe
rPois   .          Reflect  .   (no helmet)
rElec   .          Harm     .   (no cloak)
rCorr   .          Rampage  .   (no gloves)
Will    .....                   p - +0 pair of boots
Stlth   +.........              (no amulet)
HPRegen 0.16/turn               (no ring)
MPRegen 0.12/turn               (no ring)

@: no status effects
A: (nimble swimmer 2), mertail
a: no special abilities


You were on level 4 of the Dungeon.
You visited 1 branch of the dungeon, and saw 4 of its levels.

You collected 109 gold pieces.

Inventory:

Missiles
 j - 7 poisoned darts
 k - 6 boomerangs
Armour
 a - a +0 robe (worn)
 p - a +0 pair of boots (worn)
Wands
 m - a wand of mindburst (40)
 s - a wand of roots (7)
Scrolls
 d - a scroll of silence {unknown}
 f - 2 scrolls of identify
 i - 3 scrolls of amnesia
 l - a scroll of noise {unknown}
 o - a scroll of fog {unknown}
 q - a scroll of fear {unknown}
 r - a scroll of poison {unknown}
 t - a scroll of torment {unknown}
Potions
 b - 2 potions of magic
 c - a potion of curing
 e - 3 potions of mutation
 h - 2 potions of haste
 n - a potion of berserk rage


   Skills:
 - Level 1.1 Fighting
 - Level 2.7 Dodging
 + Level 7.5 Unarmed Combat
 - Level 3.0 Spellcasting
 - Level 4.0 Transmutations


You had 2 spell levels left.
You knew the following spells:

 Your Spells              Type           Power      Damage    Failure   Level
a - Beastly Appendage     Tmut           26%        N/A       4%          1
b - Wereblood             Tmut           13%        N/A       6%          2
c - Spider Form           Tmut/Pois      7%         N/A       28%         3
d - Ice Form              Ice/Tmut       7%         N/A       67%         4

Your spell library contained the following spells:

 Spells                   Type           Power      Damage    Failure   Level
 Summon Small Mammal      Summ           8%         N/A       22%         1
 Call Canine Familiar     Summ           2%         N/A       54%         3
 Portal Projectile        Hex/Tloc       4%         N/A       54%         3
 Summon Guardian Golem    Hex/Summ       2%         N/A       54%         3
 Leda's Liquefaction      Hex/Erth       1%         N/A       91%         4


Dungeon Overview and Level Annotations

Branches:
Dungeon (4/15)
 Temple: D:4-7

Altars:
Dithmenos
Nemelex Xobeh
Uskayaw
The Shining One


Innate Abilities, Weirdness & Mutations

((You are very nimble when in or above water. (Stealth+, EV+, Speed+++)))
Your lower body shifts to a powerful aquatic tail in water.


Message History

The puff of flame misses you.
You completely miss something.
Aiming: Fastroot
Press: ? - help, Shift-Dir - straight line The roots erupt in riotous growth!
Something hits you.
* * * LOW HITPOINT WARNING * * *
Aiming: Mindburst
Press: ? - help, Shift-Dir - straight line Nothing appears to happen.
Something hits you.
* * * LOW HITPOINT WARNING * * *
Unknown command.
Aiming: Fastroot
Press: ? - help, Shift-Dir - straight line The roots erupt in riotous growth!
Something hits you.
* * * LOW HITPOINT WARNING * * *
Unknown command.
You feel much better.
You hear some strange, mumbled words.
Something tries to affect you, but you resist.
You hit something but do no damage. Something hits you.
A scorpion comes into view.
You miss something. Your punch misses something. Something hits you.
You hit something but do no damage.
You hear some strange, mumbled words.
A magic dart appears from out of thin air!
The magic dart hits you!
* * * LOW HITPOINT WARNING * * *
You closely miss something.
You hear some strange, mumbled words.
A magic dart appears from out of thin air!
The magic dart hits you.
* * * LOW HITPOINT WARNING * * *
You miss something.
You hear some strange, mumbled words.
A magic dart appears from out of thin air!
The magic dart hits you!
* * * LOW HITPOINT WARNING * * *
You miss something. Your punch misses something. You barely miss something.
Something hits you.
You die...

.... ...... .... ....
..... #... .....##..##
#......#...##
#.....s.....# .
...........## . ..
##..>..@{$..# # #..
#..((.......### . ..
###.....).....# #.#
##..........## ..###
##....).)..### #....##
............# #.....#
...#.......##
...#....####.##.)..# .##
#....#..###..##...#...J.


You could see a scorpion.

Vanquished Creatures
  Sigmund (D:4)
  A black bear (D:4)
  An orc wizard (D:4)
  5 adders
  3 gnolls (D:3)
  2 ufetubi (D:4)
  3 dart slugs (D:4)
  2 worms (D:4)
  7 orcs
  6 bats
  4 endoplasms
  A giant cockroach (D:4)
  7 goblins
  5 hobgoblins
  3 jackals (D:1)
  2 quokkas
  3 ball pythons
  A frilled lizard (D:1)
  3 kobolds
  8 rats
68 creatures vanquished.

Vanquished Creatures (others)
  3 plants (D:3)
3 creatures vanquished.

Grand Total: 71 creatures vanquished

Notes
Turn   | Place    | Note
-------+----------+-------------------------------------------
     0 | D:1      | growler the Merfolk Transmuter began the quest for the Orb.
     0 | D:1      | Reached XP level 1. HP: 15/15 MP: 3/3
   286 | D:1      | Found a faded altar of an unknown god.
   294 | D:1      | Reached XP level 2. HP: 14/21 MP: 5/5
   313 | D:1      | Learned a level 2 spell: Wereblood
  1609 | D:2      | Reached XP level 3. HP: 26/26 MP: 6/6
  1613 | D:2      | Learned a level 3 spell: Spider Form
  2494 | D:3      | Found a hide-covered altar of Uskayaw.
  2497 | D:3      | Found a glowing golden altar of the Shining One.
  2501 | D:3      | Found a sparkling altar of Nemelex Xobeh.
  2510 | D:3      | Reached skill level 4 in Unarmed Combat
  2515 | D:3      | Reached XP level 4. HP: 24/32 MP: 2/8
  3260 | D:3      | Found a shadowy altar of Dithmenos.
  4050 | D:4      | Noticed a black bear
  4057 | D:4      | Killed a black bear
  4058 | D:4      | Reached skill level 5 in Unarmed Combat
  4058 | D:4      | Reached XP level 5. HP: 37/37 MP: 5/9
  4063 | D:4      | Learned a level 4 spell: Ice Form
  4204 | D:4      | Noticed Sigmund
  4409 | D:4      | Killed Sigmund
  4410 | D:4      | Reached skill level 7 in Unarmed Combat
  4410 | D:4      | Reached XP level 6. HP: 35/43 MP: 7/10
  4684 | D:4      | Reached XP level 7. HP: 31/48 MP: 8/11
  4737 | D:4      | HP: 1/48 [something (2)]
  4743 | D:4      | HP: 2/48 [something/magic dart (11)]
  4745 | D:4      | Slain by an orc wizard

Illustrated notes

Levels and vault maps discovered:
D:1:      dpeg_arrival_orchard, layout_basic, hellmonk_ecumenical_altar_run_dry
D:2:      layout_loops_corners
D:3:      layout_basic, nicolae_dithmenos_the_darkroom,
          grunt_temple_overflow_diamond, serial_bayou_ford_a
D:4:      minmay_evil_eye, layout_cave_pools,
          mainiacjoe_overflow_small_starburst, minivault_26, uniq_sigmund

Skill      XL: |  1  2  3  4  5 |
---------------+----------------+-----
Transmutations | 3 4 |  4.0
Unarmed Combat | 4 5 7 |  7.5
Spellcasting   | 3 |  3.0
Fighting       | |  1.1
Dodging        | |  2.7

Action                   |  1- 3 |  4- 6 |  7- 9 || total
-------------------------+-------+-------+-------++-------
Melee: Unarmed           |   100 |   104 |    37 ||   241
       Punch             |     1 |     1 |       ||     2
       Headbutt          |     2 |     5 |       ||     7
 Cast: Beastly Appendage |     3 |     6 |       ||     9
       Wereblood         |     2 |     1 |       ||     3
       Spider Form       |     1 |     4 |     1 ||     6
Evoke: Wand              |       |       |     3 ||     3
  Use: Potion            |     1 |     3 |     1 ||     5
       Scroll            |       |     5 |       ||     5
 Stab: Sleeping          |     3 |       |       ||     3
       Distracted        |       |       |     1 ||     1
Armor: Robe              |    25 |    15 |     6 ||    46
       Skin              |       |     6 |       ||     6
Dodge: Dodged            |    69 |    72 |    13 ||   154
